 Dungeon Sprint DCSS version 0.31-a0-1-g4198be8af4 (webtiles) character file.

Game seed: 4133262641284326375

900000 123456 the Brawler (level 10, -7/95 HPs)
             Began as an Armataur Gladiator on May 1, 2023.
             Was a Follower of Makhleb.
             Mangled by a meat berserker
             ... wielding a +9 battleaxe
              (28 damage)
             ... in the Dungeon (Sprint VIII: "Arena of Blood").
             The game lasted 00:00:10 (9 turns).

123456 the Brawler (Armataur Gladiator)                Turns: 9, Time: 00:00:10

Health: -7/95      AC:  5    Str: 20    XL:     10   Next: 77%
Magic:  10/10      EV: 15    Int:  9    God:    Makhleb [*.....]
Gold:   0          SH:  0    Dex: 15    Spells: 9/9 levels left

rFire   . . .        k - +∞ Axe of Woe
rCold   . . .        (shield currently unavailable)
rNeg    . . .        a - +0 leather armour
rPois   .            b - +0 helmet
rElec   .            (no cloak)
rCorr   .            (no gloves)
SInv    .            (no barding)
Will    .....        (no amulet)
Stlth   +            (no ring)
HPRegen 0.35/turn    (no ring)
MPRegen 0.12/turn

%: no teleportation, roll
@: no status effects
A: large, rugged brown scales 3, deformed body, armoured tail, roll, long
tongue, awkward tongue
a: Renounce Religion


You were in the Dungeon.
You worshipped Makhleb.
Makhleb was aware of your devotion.
You visited 1 branch

Inventory:

Hand Weapons
 k - the +∞ Axe of Woe (weapon)
   (You found it in the Dungeon)
Missiles
 c - 3 throwing nets (quivered)
 d - a javelin
Armour
 a - a +0 leather armour (worn)
 b - a +0 helmet (worn)
Scrolls
 j - a scroll of blinking
Potions
 e - a potion of curing
 f - a potion of heal wounds
 g - a potion of haste
 h - 2 potions of magic
 i - a potion of berserk rage


   Skills:
 + Level 8.3 Fighting
 + Level 8.3 Throwing
 + Level 12.9 Dodging
 + Level 15.2 Unarmed Combat


You had 9 spell levels left.
You didn't know any spells.
Your spell library was empty.

Dungeon Overview and Level Annotations

Branches:
Dungeon (1/1)

Altars:
Makhleb


Innate Abilities, Weirdness & Mutations

You are completely covered in rugged brown scales. (AC +3, +7% HP)
Armour fits poorly on your strangely shaped body.
You have a long armoured tail.
You roll when moving toward enemies. (Rampage)
Your long tongue fully drains potion bottles. (2x potion effects)
Your tongue gives you trouble enunciating. (1.5x scroll delay)


Message History

A meat berserker comes into view. It is wielding a +9 battleaxe.
The meat berserker shouts!
You hear a shout! x9
A bag of meat comes into view. It is wielding a +9 war axe.
You hear a shout!
The bag of meat shouts!
You hear a shout!
Your Fighting skill gained 7 levels and is now at level 8!
Your Throwing skill gained 7 levels and is now at level 8!
Your Dodging skill gained 10 levels and is now at level 12!
Your Unarmed Combat skill gained 13 levels and is now at level 15!
You have reached level 2!
You have reached level 3!
Your experience leads to an increase in your attributes!
Increase (S)trength, (I)ntelligence, or (D)exterity?
You feel agile. x2
You have reached level 4!
You feel clever.
You have reached level 5!
You have reached level 6!
You have reached level 7!
You have reached level 8!
You feel stronger.
You have reached level 9!
Your experience leads to an increase in your attributes!
Increase (S)trength, (I)ntelligence, or (D)exterity?
You feel agile. x2
You have reached level 10!
Unknown command.
Unknown command.
Unknown command.
You slash the bag of meat! You chop the bag of meat into pieces.
You kill the bag of meat!
Makhleb accepts your kill.
You can now gain health from killing.
You hear a shout! x9
The meat berserker hits you with a +9 battleaxe!!!!
Ouch! That really hurt!
* * * LOW HITPOINT WARNING * * *
The meat berserker rages.
You hear a shout! x5
A bag of meat comes into view. It is wielding a +9 war axe.
The meat berserker hits you with a +9 battleaxe!!
You die...

#. ...# #.. ...#
. .###..
...###...
......###........
......_..... ...
#.....# ....
#_.<._# .....
..#....O#......
......_.@)......
......###OO......
.###.. ...###...
#.. ....# .. #.
.....# .........
.......o.
.o........


You could see 3 meat berserkers and 2 bags of meat.

Vanquished Creatures
  2 orcs (D)
2 creatures vanquished.

Notes
Turn   | Place    | Note
-------+----------+-------------------------------------------
     0 | D        | Found the +∞ Axe of Woe
     0 | D        | 123456 the Armataur Gladiator began the quest for the Orb.
     0 | D        | Reached XP level 1. HP: 18/18 MP: 1/1
     3 | D        | Noticed a bag of meat
     4 | D        | Became a worshipper of Makhleb the Destroyer
     5 | D        | Noticed a bag of meat
     7 | D        | Noticed a meat berserker
     8 | D        | Noticed a meat berserker
     8 | D        | Killed a bag of meat
     8 | D        | Noticed a meat berserker
     8 | D        | Noticed a bag of meat
     9 | D        | Reached skill level 15 in Unarmed Combat
     9 | D        | Reached XP level 2. HP: 38/38 MP: 2/2
     9 | D        | Reached XP level 3. HP: 43/43 MP: 3/3
     9 | D        | Reached XP level 4. HP: 52/52 MP: 4/4
     9 | D        | Reached XP level 5. HP: 58/58 MP: 5/5
     9 | D        | Reached XP level 6. HP: 66/66 MP: 6/6
     9 | D        | Reached XP level 7. HP: 73/73 MP: 7/7
     9 | D        | Reached XP level 8. HP: 80/80 MP: 8/8
     9 | D        | Reached XP level 9. HP: 87/87 MP: 9/9
     9 | D        | Reached XP level 10. HP: 95/95 MP: 10/10
     9 | D        | Killed a bag of meat
     9 | D        | Reached * piety under Makhleb
     9 | D        | Noticed a bag of meat
     9 | D        | Mangled by a meat berserker

Illustrated notes

Levels and vault maps discovered:
D:        meatsprint

Skill      XL: |  1 |
---------------+----+-----
Fighting       | 8 |  8.3
Throwing       | 8 |  8.3
Dodging        | 12 | 12.9
Unarmed Combat | 15 | 15.2

Action                     |  1- 3 |  4- 6 |  7- 9 | 10-12 || total
---------------------------+-------+-------+-------+-------++-------
  Melee: Executioner's axe |     1 |       |       |     1 ||     2

Table legend: (Time is in decaauts)
 A = Elapsed time spent in this place.
 B = Non-inter-level travel time spent in this place.
 C = Inter-level travel time spent in this place.
 D = Time resting spent in this place.
 E = Time spent auto-exploring this place.
 F = Levels seen in this place.
 G = Mean time per level.
                   A        B        C        D        E       F      G
               +--------+--------+--------+--------+--------+-----+--------+
         Total |      9 |      9 |      0 |      0 |      0 |   1 |    9.0 |
       Dungeon |      9 |      9 |      0 |      0 |      0 |   1 |    9.0 |
               +--------+--------+--------+--------+--------+-----+--------+

Top non-repeatable levels by time:
       D: 9 daAuts
